 Dungeon Crawl Stone Soup version 0.19.5 (webtiles) character file.

408 Gargoyl the Skirmisher (level 6, 0/52 (53) HPs)
             Began as a Ghoul Abyssal Knight on Mar 18, 2017.
             Was a Believer of Lugonu.
             Slain by a sky beast (6 damage)
             ... on level 4 of the Dungeon.
             The game lasted 00:07:48 (2565 turns).

Gargoyl the Skirmisher (Ghoul Abyssal Knight)       Turns: 2565, Time: 00:07:50

HP:   0/52 (53)     AC: 12    Str: 18      XL:     6   Next: 88%
MP:   7/7           EV:  8    Int:  5 (7)  God:    Lugonu [**....]
Gold: 192           SH:  0    Dex:  9 (10) Spells: 0 memorised, 5 levels left

rFire  . . .     SeeInvis .     h - +2 whip (freeze)
rCold  + . .     Gourm    .     m - +0 plate armour
rNeg   + + +     Faith    .     (no shield)
rPois  ∞         Spirit   .     g - +0 helmet
rElec  .         Reflect  .     (no cloak)
rCorr  .         Harm     .     (no gloves)
MR     .....                    (no boots)
Stlth  ..........               (no amulet)
                                q - +3 ring of evasion
                                d - +2 ring of strength

@: rotting
A: rotting body, claws 1, carnivore 3, cold resistance 1, negative energy
resistance 3, slow regeneration 1, torment resistance, unbreathing
a: Depart the Abyss, Bend Space, Renounce Religion


You were on level 4 of the Dungeon.
You worshipped Lugonu.
Lugonu was pleased with you.
You were not hungry.

You visited 1 branch of the dungeon, and saw 4 of its levels.
You visited the Abyss 1 time.

You collected 192 gold pieces.

Inventory:

Hand Weapons
 a - a +1 hand axe
 h - a +2 whip of freezing (weapon)
Armour
 g - a +0 helmet (worn)
 m - a +0 plate armour (worn)
Jewellery
 d - a +2 ring of strength (left claw)
 e - an uncursed ring of fire
 n - an uncursed ring of ice
 q - a +3 ring of evasion (right claw)
Scrolls
 b - a scroll of amnesia
 k - a scroll of fog
Potions
 i - a potion of flight {unknown}
 o - a potion of agility {unknown}
Comestibles
 c - 3 meat rations
 f - a beef jerky


   Skills:
 + Level 4.5 Fighting
 + Level 3.2(3.5) Axes
 + Level 1.8(2.8) Maces & Flails
 * Level 3.9 Armour
 + Level 1.3 Dodging
 * Level 3.2 Invocations


You had 5 spell levels left.
You didn't know any spells.

Dungeon Overview and Level Annotations

Branches:
Dungeon (4/15)
 Temple: D:4-7

Altars:
Elyvilon
Okawaru
The Shining One


Innate Abilities, Weirdness & Mutations

Your body is rotting away.
You thrive on raw meat.
You are immune to poison.
You have sharp fingernails.
You are carnivorous and can eat meat at any time.
Your flesh is cold resistant. (rC+)
You are immune to negative energy. (rN+++)
You regenerate slowly when monsters are visible.
You are immune to unholy pain and torment.
You can survive without breathing.


Message History

Deactivating autopickup; reactivate with Ctrl-A.
Something hits you but does no damage.
You closely miss something.
You feel your flesh rotting away. Something hits you but does no damage.
You miss something. Something hits you but does no damage.
You miss something.
A sky beast appears from thin air!
Reactivating autopickup.
The sky beast hits you.
* * * LOW HITPOINT WARNING * * *
The sky beast shocks you.
* * * LOW HITPOINT WARNING * * *
You closely miss the sky beast.
The sky beast is severely wounded.
The sky beast flickers out of sight!
Deactivating autopickup; reactivate with Ctrl-A.
Something hits you.
* * * LOW HITPOINT WARNING * * *
Something shocks you.
You die...

#.#.. # ###.#.. #. ..#.#.# #..
############.#.#.# #...
#............#.#.# #....
#.###........#.#.#
#.....#){§#.##.....#.#.#
.......@.........(......
#.....#####.###.#..#.#.. .#
............# #.#..#.#.# .#.#
#.....#.##.####.#..#.#.# .#.#
#...............#..#.#.#
.#.#######...........######.#.#..
.#.#.....#....................###
.#.#.###.#..........#.#####.###
.#.#.# #.#..........#.# #.#


There were no monsters in sight!

Vanquished Creatures
  The ghost of Kosschaser the Sneak, an amateur KoAs (D:3)
  An ogre (D:4)
  2 iguanas (D:4)
  3 gnolls (D:3)
  6 adders
  2 worms
  3 dart slugs
  3 leopard geckos
  2 ball pythons
  4 giant cockroaches
  10 goblins
  5 hobgoblins
  2 jackals (D:1)
  4 quokkas
  6 bats
  5 frilled lizards
  A jackal skeleton (D:4)
  11 kobolds
  6 rats
77 creatures vanquished.

Notes
Turn   | Place    | Note
-------+----------+-------------------------------------------
     0 | Abyss:1  | Gargoyl the Ghoul Abyssal Knight began the quest for the Orb.
     0 | Abyss:1  | Reached XP level 1. HP: 19/19 MP: 1/1
    16 | Abyss:2  | Noticed a neqoxec
    36 | Abyss:3  | Noticed an ancient zyme
    36 | Abyss:3  | Noticed a thrashing horror
    41 | D:1      | Escaped the Abyss
   164 | D:1      | Reached * piety under Lugonu
   381 | D:1      | Reached XP level 2. HP: 22/26 MP: 2/2
   964 | D:2      | Reached XP level 3. HP: 33/33 MP: 3/3
  1013 | D:2      | Reached skill level 1 in Dodging
  1113 | D:1      | Reached skill level 4 in Fighting
  1231 | D:2      | Reached XP level 4. HP: 39/39 MP: 4/4
  1368 | D:2      | Reached ** piety under Lugonu
  1645 | D:3      | Found a white marble altar of Elyvilon.
  1798 | D:3      | Found an iron altar of Okawaru.
  1864 | D:3      | Noticed Kosschaser's ghost (amateur KoAs)
  1892 | D:3      | Reached XP level 5. HP: 45/45 MP: 6/6
  1945 | D:3      | Killed Kosschaser's ghost
  1945 | D:3      | Reached XP level 6. HP: 39/53 MP: 7/7
  2306 | D:4      | Reached skill level 1 in Maces & Flails
  2396 | D:4      | Found a glowing golden altar of the Shining One.
  2532 | D:4      | Noticed a sky beast
  2565 | D:4      | Slain by a sky beast

Skill      XL: |  1  2  3  4  5  6 |
---------------+-------------------+-----
Axes           | 2 3 |  3.2
Armour         | 2 3 |  3.9
Dodging        | 1 |  1.3
Fighting       | 4 |  4.5
Invocations    | 3 |  3.2
Maces & Flails | 1 |  1.8

Action                   |  1- 3 |  4- 6 || total
-------------------------+-------+-------++-------
Melee: Hand axe          |   110 |    54 ||   164
       Whip              |       |   173 ||   173
Invok: Depart the Abyss  |     1 |       ||     1
  Use: Scroll            |     2 |     7 ||     9
       Potion            |       |     2 ||     2
  Eat: Chunk             |    12 |    21 ||    33
Armor: Leather armour    |     5 |       ||     5
       Ring mail         |    42 |       ||    42
       Plate armour      |     1 |   214 ||   215
Dodge: Dodged            |    85 |    74 ||   159
